 Dungeon Crawl Stone Soup version 0.30.1-3-gfc49f6343a (webtiles) character file.

Game seed: 11628959891091170405

344 Peloso the Slasher (level 6, -3/53 HPs)
             Began as a Minotaur Fighter on Aug 5, 2023.
             Slain by an iguana (8 damage)
             ... on level 4 of the Dungeon.
             The game lasted 00:03:56 (2802 turns).

Peloso the Slasher (Minotaur Fighter)               Turns: 2802, Time: 00:03:56

Health: -3/53      AC:  9    Str: 21    XL:     6   Next: 31%
Magic:  5/5        EV:  9    Int:  5    God:
Gold:   215        SH:  5    Dex: 11    Spells: 5/5 levels left

rFire   . . .        a - +0 long sword (chaos)
rCold   . . .        c - +0 buckler
rNeg    . . .        b - +1 scale mail
rPois   .            (helmet restricted)
rElec   .            l - +0 cloak
rCorr   .            (no gloves)
SInv    .            (no boots)
Will    .....        (no amulet) Stlth
                     (no ring)
HPRegen 0.28/turn    (no ring)
MPRegen 0.09/turn

%: no passive effects
@: no status effects
A: horns 2, retaliatory headbutt
a: no special abilities


You were on level 4 of the Dungeon.
You visited 1 branch of the dungeon, and saw 4 of its levels.

You collected 215 gold pieces.

Inventory:

Hand Weapons
 a - a +0 long sword of chaos (weapon)
Missiles
 k - a throwing net (quivered)
Armour
 b - a +1 scale mail (worn)
 c - a +0 buckler (worn)
 l - a +0 cloak (worn)
Jewellery
 i - a ring of magical power
Wands
 u - a wand of light (14)
Scrolls
 e - a scroll of summoning {unknown}
 h - a scroll of amnesia {unknown}
 m - a scroll of immolation {unknown}
 n - 3 scrolls of identify
 p - a scroll of teleportation
 s - a scroll of blinking {unknown}
Potions
 d - a potion of might
 f - a potion of brilliance {unknown}
 g - a potion of invisibility {unknown}
 o - a potion of heal wounds {unknown}
 q - 2 potions of haste {unknown}
 r - a potion of lignification {unknown}
 t - a potion of magic {unknown}


   Skills:
 + Level 4.5 Fighting
 + Level 5.5 Long Blades
 + Level 5.5 Armour
 + Level 1.2 Dodging
 + Level 0.4 Stealth
 + Level 4.4 Shields


You had 5 spell levels left.
You didn't know any spells.
Your spell library contained the following spells:

 Spells                   Type           Power      Damage    Failure   Level
 Portal Projectile        Hex/Tloc       0%         N/A       99%         3
 Tukima's Dance           Hex            0%         N/A       99%         3
 Passage of Golubria      Tloc           0%         N/A       100%        4
 Blade Hands              Tmut           0%         N/A       100%        5
 Yara's Violent Unravell  Hex/Tmut       0%         3d3       100%        5


Dungeon Overview and Level Annotations

Branches:
Dungeon (4/15)
 Temple: D:4-7

Altars:
Dithmenos
Makhleb
Uskayaw
Vehumet
The Shining One

Annotations:
D:3 Dig


Innate Abilities, Weirdness & Mutations

You have a pair of horns on your head.
You reflexively headbutt those who attack you in melee.


Message History

* * * LOW HITPOINT WARNING * * *
The orc hits you but does no damage. You block the orc priest's attack.
Unknown command.
It was a potion of curing.
You feel better. The orc closely misses you. The orc priest closely misses you.
Unknown command.
You barely miss the orc priest.
The orc priest is severely wounded.
The orc priest barely misses you. The orc hits you but does no damage.
You block the orc priest's attack.
Unknown command.
You hit the orc priest.
You kill the orc priest!
The orc hits you but does no damage.
Unknown command.
You hit the orc. You burn the orc.
The orc is almost dead.
The orc hits you but does no damage. x2
A gnoll comes into view. It is wielding a +0 club.
You block the orc's attack. The orc hits you with a +0 hand axe.
* * * LOW HITPOINT WARNING * * *
Unknown command.
You hit the orc but do no damage. Lightning courses through the orc!
You kill the orc!
The orc hits you but does no damage.
Unknown command.
The orc attacks as you move away! The orc hits you but does no damage.
Things that are here:
a +0 hand axe; a +0 ring mail; an orc corpse The orc attacks as you move away!
The orc barely misses you.
A goblin comes into view. It is wielding a +0 dagger.
You feel better. The orc misses you. You furiously retaliate!
You headbutt the orc!
You kill the orc!
You closely miss the iguana. The iguana bites you!
* * * LOW HITPOINT WARNING * * *
You barely miss the iguana. The iguana bites you.
* * * LOW HITPOINT WARNING * * *
You closely miss the iguana. The iguana bites you!
You die...

#########......
#.............. #
#.............. #
.##............# #
...............+ +
...............# #
.##............####
#
)...g..............
.
.#####@#..........
#
#.#####l#..........
#
#.gg).)g#..........
#.#######..........
..................
..................
........###+######
........# #.#
###### ......†.#
#.# #.....


You could see an iguana, a hobgoblin and a goblin.

Vanquished Creatures
  A phantom (D:4)
  A scorpion (D:4)
  2 orc priests (D:4)
  Jessica (D:2)
  2 iguanas (D:4)
  3 adders
  3 worms
  A dart slug (D:1)
  3 orcs (D:4)
  5 endoplasms
  A giant cockroach (D:3)
  3 goblins
  A hobgoblin (D:4)
  2 jackals (D:3)
  6 ball pythons
  A bat (D:1)
  A frilled lizard (D:1)
  2 kobolds
  4 rats
43 creatures vanquished.

Vanquished Creatures (others)
  An orc zombie (D:4)
1 creature vanquished.

Grand Total: 44 creatures vanquished

Notes
Turn   | Place    | Note
-------+----------+-------------------------------------------
     0 | D:1      | Peloso the Minotaur Fighter began the quest for the Orb.
     0 | D:1      | Reached XP level 1. HP: 19/19 MP: 0/0
     2 | D:1      | Noticed an armataur
     2 | D:1      | Noticed a vine stalker
     4 | D:1      | Noticed a tengu
     6 | D:1      | Noticed a human
     6 | D:1      | Noticed a meteoran
     8 | D:1      | Noticed a felid
     8 | D:1      | Noticed a merfolk
    10 | D:1      | Noticed a demonspawn
    10 | D:1      | Noticed a troll
    12 | D:1      | Noticed a gargoyle
    12 | D:1      | Noticed a draconian
    14 | D:1      | Noticed a minotaur
    16 | D:1      | Noticed a spriggan
    16 | D:1      | Noticed a formicid
    18 | D:1      | Noticed a ghoul
    18 | D:1      | Noticed a naga
    20 | D:1      | Noticed a demigod
    22 | D:1      | Noticed an elf
    22 | D:1      | Noticed an ogre
    24 | D:1      | Noticed an octopode
    24 | D:1      | Noticed a minotaur
    26 | D:1      | Noticed a draconian
    26 | D:1      | Noticed a draconian
   141 | D:1      | Reached XP level 2. HP: 27/27 MP: 1/1
   230 | D:1      | You fall into a shaft and drop 1 floor!
   295 | D:2      | Found a faded altar of an unknown god.
   409 | D:2      | Noticed Jessica
   415 | D:2      | Killed Jessica
   416 | D:2      | Reached XP level 3. HP: 27/33 MP: 2/2
  1650 | D:3      | Reached XP level 4. HP: 36/40 MP: 3/3
  2136 | D:4      | Found a burning altar of Makhleb.
  2137 | D:4      | Found a hide-covered altar of Uskayaw.
  2138 | D:4      | Found a glowing golden altar of the Shining One.
  2140 | D:4      | Found a shadowy altar of Dithmenos.
  2140 | D:4      | Found a radiant altar of Vehumet.
  2189 | D:4      | Noticed a phantom
  2199 | D:4      | Killed a phantom
  2200 | D:4      | Reached XP level 5. HP: 38/46 MP: 4/4
  2333 | D:4      | Reached skill level 5 in Armour
  2666 | D:4      | Reached skill level 5 in Long Blades
  2666 | D:4      | Reached skill level 1 in Dodging
  2666 | D:4      | Reached XP level 6. HP: 29/53 MP: 5/5
  2790 | D:4      | HP: 1/53 [orc priest/+0 flail (13)]
  2802 | D:4      | Slain by an iguana

Illustrated notes

Levels and vault maps discovered:
D:1:      kb_arrival_jail, layout_rooms
D:2:      layout_loops_ring, shapermc_ecumenical_altar_mp_urbaneastern,
          uniq_jessica
D:3:      layout_basic, due_unseen_surprise
D:4:      layout_basic, grunt_temple_overflow_open

Skill      XL: |  1  2  3  4  5 |
---------------+----------------+-----
Fighting       | 4 |  4.5
Armour         | 4 5 |  5.5
Long Blades    | 3 4 5 |  5.5
Shields        | 4 |  4.4
Dodging        | 1 |  1.2
Stealth        | |  0.4

Action                     |  1- 3 |  4- 6 || total
---------------------------+-------+-------++-------
  Melee: Long sword        |    55 |    59 ||   114
         Headbutt          |    14 |     5 ||    19
    Use: Scroll            |     7 |       ||     7
         Potion            |       |     2 ||     2
 Armour: Scale mail        |    17 |    27 ||    44
  Dodge: Dodged            |    18 |    27 ||    45
  Block: Buckler           |    10 |     9 ||    19
